 Dungeon Crawl Stone Soup version 0.25.1-8-g42b30a86e7 (webtiles) character file.

Game seed: 8283985813283524188

4081 DildoBatman the Magician (level 10, -17/51 HPs)
             Began as a Formicid Wizard on Dec 21, 2020.
             Was a Believer of Kikubaaqudgha.
             Demolished by a lorocyproca (27 damage)
             ... on level 1 of the Abyss.
             The game lasted 00:38:03 (9204 turns).

DildoBatman the Magician (Formicid Wizard)          Turns: 9204, Time: 00:38:03

Health: -17/51     AC:  7    Str:  6 (7)  XL:     10   Next: 49%
Magic:  23/23      EV: 12    Int: 24      God:    Kikubaaqudgha [**....]
Gold:   448        SH:  0    Dex:  5      Spells: 11/23 levels left

rFire    . . .     SeeInvis +   b - +1 quarterstaff (protect)
rCold    . . .     Gourm    .   (no shield)
rNeg     . . .     Faith    .   G - +0 steam dragon scales
rPois    .         Spirit   .   (helmet unavailable)
rElec    .         Reflect  .   E - +1 cloak
rCorr    .         Harm     .   (no gloves)
MR       +....                  A - +0 pair of boots
Stlth    ++........             (no amulet)
HPRegen  0.00/turn              U - +6 ring of intelligence
MPRegen  0.18/turn              D - ring of magical power

@: no status effects
A: permanent stasis, dig shafts and tunnels, four strong arms, antennae 3,
[blurry vision 3], [clumsy 2], [deformed body], [deterioration 2], [dopey 2],
[frail 3], [low mp 3], [screaming 2], [inhibited regeneration], [weak 2], [no
potion heal 3], [subdued magic 2]
a: Dig, Shaft Self, Receive Corpses, Renounce Religion


You were on level 1 of the Abyss.
You worshipped Kikubaaqudgha.
Kikubaaqudgha was pleased with you.
You were very hungry.

You visited 2 branches of the dungeon, and saw 9 of its levels.
You visited the Abyss 1 time.
You also visited: Ossuary.

You collected 448 gold pieces.

Inventory:

Hand Weapons
 a - a +1 dagger of venom
 b - a +1 quarterstaff of protection (weapon)
 c - a +0 hunting sling
 d - a +1 dagger of holy wrath
Missiles
 e - 88 stones
 n - 10 boomerangs
 o - 23 poisoned darts (quivered)
 r - 111 arrows
 H - 12 bolts
 I - 44 sling bullets
 Q - 6 javelins
Armour
 A - a +0 pair of boots (worn)
 E - a +1 cloak (worn)
 F - a +0 tower shield
 G - +0 steam dragon scales (worn)
 L - a +1 ring mail of poison resistance
Jewellery
 h - an uncursed ring of resist corrosion
 t - an uncursed ring of protection from fire
 D - a ring of magical power (right hand)
 U - a +6 ring of intelligence (left hand)
Wands
 u - a wand of disintegration (12)
 w - a wand of random effects (33)
 P - a wand of paralysis (9)
Scrolls
 g - 4 scrolls of teleportation {unknown}
 i - a scroll of noise {unknown}
 l - 2 scrolls of enchant armour {unknown}
 x - 2 scrolls of remove curse
 y - a scroll of magic mapping {unknown}
 z - a scroll of identify
 B - a scroll of fear {unknown}
 C - a scroll of enchant weapon {unknown}
 J - a scroll of silence {unknown}
 K - a scroll of acquirement {unknown}
 R - a scroll of fog {unknown}
 T - a scroll of torment {unknown}
 V - a scroll of amnesia {unknown}
Potions
 f - 4 potions of magic
 j - a potion of heal wounds
 k - a potion of brilliance {unknown}
 m - a potion of flight {unknown}
 p - 3 potions of lignification
 q - 4 potions of curing
 s - 4 potions of might
 M - a potion of resistance {unknown}
 N - a potion of ambrosia
 O - a potion of mutation {unknown}
Comestibles
 v - 16 rations


   Skills:
 - Level 5.0 Fighting
 - Level 5.0 Armour
 - Level 3.0 Dodging
 - Level 2.4 Stealth
 - Level 7.0 Spellcasting
 - Level 6.0 Conjurations
   Level 1.0 Summonings
 * Level 3.7 Necromancy
   Level 0.8 Translocations
 - Level 5.0 Fire Magic
 - Level 4.0 Air Magic
 - Level 4.0 Poison Magic


You had 11 spell levels left.
You knew the following spells:

 Your Spells              Type           Power        Failure   Level  Hunger
a - Conjure Flame         Conj/Fire      ###.....     1%          3    None
c - Magic Dart            Conj           ###.         1%          1    None
d - Vampiric Draining     Necr           ###.......   2%          3    None
e - Mephitic Cloud        Conj/Pois/Air  ###.....     1%          3    None
z - Sublimation of Blood  Necr           ###.......   1%          2    None

Your spell library contained the following spells:

 Spells                   Type           Power        Failure   Level  Hunger
 Animate Skeleton         Necr           N/A          1%          1    None
 Pain                     Necr           ###.         1%          1    None
 Dazzling Flash           Conj/Hex       ##....       3%          3    None
 Corona                   Hex            #......      4%          1    None
 Call Imp                 Summ           #.......     4%          2    None
 Ensorcelled Hibernation  Hex/Ice        #.....       7%          2    None
 Slow                     Hex            #.......     7%          2    None
 Gell's Gravitas          Tloc           #.........   11%         3    None
 Confusing Touch          Hex            #.......     16%         3    None
 Tukima's Dance           Hex            #.......     16%         3    None
 Petrify                  Tmut/Erth      #.......     47%         4    ###....
 Metabolic Englaciation   Hex/Ice        #.........   85%         5    #####..
 Yara's Violent Unravell  Hex/Tmut       #.........   85%         5    #####..
 Blink                    Tloc           Unusable     N/A         2    N/A

Dungeon Overview and Level Annotations

Branches:
Dungeon (8/15)             Temple (1/1) D:5         Ossuary (visited)
   Lair: D:8-11

Altars:
Ashenzari
Cheibriados
Dithmenos
Elyvilon
Fedhas
Gozag
Hepliaklqana
Kikubaaqudgha
Makhleb
Nemelex Xobeh
Okawaru
Ru
Sif Muna
Trog
Uskayaw
Vehumet
Wu Jian
Xom
Yredelemnul
Zin
The Shining One

Annotations:
D:4 exclusion: two-headed ogre
D:8 Maurice


Innate Abilities, Weirdness & Mutations

You cannot be hasted, slowed, berserked, paralysed or teleported.
You can dig through walls and to a lower floor.
Your four strong arms can wield two-handed weapons with a shield.
You have a pair of large antennae on your head. (SInv)
[Scrolls take you much longer to read.]
[You are very clumsy. (Dex -4)]
[Armour fits poorly on your strangely shaped body.]
[Your body often deteriorates upon taking damage.]
[You are very dopey. (Int -4)]
[You are extremely frail. (-30% HP)]
[Your magical capacity is extremely low. (-30% MP)]
[You sometimes yell uncontrollably at your foes.]
[You do not regenerate when monsters are visible.]
[You are very weak. (Str -4)]
[Potions cannot restore your health.]
[Your spells are easier to cast, but less powerful.]


Message History

The starspawn tentacle grabs you. The starspawn tentacle constricts you.
Something loses its grip on you.
You extend your mandibles.
You dig through the rock wall.
The starspawn tentacle grabs you. The starspawn tentacle constricts you.
The starspawn tentacle loses its grip on you.
The tentacle pulls you backwards!
Found a potion of curing.
You retract your mandibles.
The small abomination hits you!
You hear a chilling moan.
A lorocyproca comes into view.
The lorocyproca gives a chilling moan.
You hear a shout!
The lorocyproca hits you!!
Ouch! That really hurt!
You die...
Kikubaaqudgha rasps: "You have failed me!
Welcome... death!"

#....#X#.####
## #. .
#.Λ#.#{###
#{{{{{ . .#
#.h│#{..#{
{.....
#..##│#{#...#
##........
#.<.#│*##.#
.......
#.#│.{#####
...... #.
.##.│#{###
.... . #
......─w#.###
..... #
........#.@.#
#.#.###..2..#
# # ##.###.!.
..#. #..# ..#
. .... #.# .
.... ## ###


You could see a lorocyproca (invisible).

Vanquished Creatures
  Joseph (D:7)
  Maggie (D:6)
  Grinder (D:3)
  Eustachio (D:4)
  2 hungry ghosts (D:7)
  4 hogs (D:7)
  A human (D:7)
  A black bear (D:6)
  A slave (D:8)
  An orc warrior (D:6)
  An ogre (D:5)
  A centaur (D:7)
  A big kobold (D:7)
  A gnoll sergeant (D:8)
  A water moccasin zombie (D:7)
  3 killer bees (D:7)
  3 howler monkeys (D:7)
  6 centaur zombies
  A crimson imp (D:6)
  A bullfrog zombie (D:7)
  A hound (D:7)
  3 human zombies
  3 jellies
  Crazy Yiuf (D:5)
  4 orc priests
  7 orc wizards
  Natasha (thrice) (D:2)
  2 iguanas
  7 worker ants
  2 big kobold zombies (Ossuary)
  A hound zombie (D:5)
  2 mummies (Ossuary)
  10 gnolls
  7 adders
  3 oozes
  An adder skeleton (D:4)
  3 adder zombies
  2 worms
  A dart slug (D:1)
  2 leopard geckos
  29 orcs
  9 bats
  8 giant cockroaches
  3 hobgoblins
  6 jackals
  5 quokkas
  A ball python (D:3)
  3 frilled lizards
  13 goblins
  11 hobgoblin zombies (Ossuary)
  A jackal zombie (Ossuary)
  14 kobolds
  10 kobold zombies (Ossuary)
  A leopard gecko skeleton (D:7)
  A leopard gecko zombie (D:6)
  6 orc zombies (Ossuary)
  7 rats
226 creatures vanquished.

Vanquished Creatures (collateral kills)
  A killer bee (D:7)
1 creature vanquished.

Vanquished Creatures (others)
  4 starspawn tentacles (Abyss:1)
  5 toadstools (D:1)
9 creatures vanquished.

Grand Total: 236 creatures vanquished

Notes
Turn   | Place    | Note
-------+----------+-------------------------------------------
     0 | D:1      | DildoBatman the Formicid Wizard began the quest for the
                  | Orb.
     0 | D:1      | Reached XP level 1. HP: 13/13 MP: 4/4
    14 | D:1      | Reached skill level 1 in Conjurations
   123 | D:1      | Reached XP level 2. HP: 13/19 MP: 6/6
   864 | D:2      | Found an opulent altar of Gozag.
   870 | D:2      | Reached XP level 3. HP: 24/24 MP: 2/7
  1368 | D:2      | Reached XP level 4. HP: 30/30 MP: 0/8
  1375 | D:2      | Learned a level 3 spell: Conjure Flame
  1379 | D:2      | Learned a level 3 spell: Mephitic Cloud
  2093 | D:3      | Found a faded altar of an unknown god.
  2220 | D:3      | Noticed Natasha
  2226 | D:3      | Reached XP level 5. HP: 14/35 MP: 6/9
  2625 | D:3      | Noticed Grinder
  3121 | D:4      | Noticed a two-headed ogre
  3277 | D:4      | Found a sand-covered staircase.
  3287 | D:4      | Reached skill level 1 in Armour
  3299 | Ossuary  | Entered an ossuary
  3322 | Ossuary  | Reached skill level 1 in Fighting
  3463 | Ossuary  | Reached skill level 1 in Fire Magic
  3463 | Ossuary  | Reached XP level 6. HP: 42/43 MP: 6/10
  3553 | Ossuary  | Reached XP level 7. HP: 39/50 MP: 2/11
  4713 | D:5      | Entered Level 5 of the Dungeon
  4738 | D:5      | Reached skill level 1 in Poison Magic
  4889 | D:5      | Reached skill level 1 in Air Magic
  5023 | D:5      | Noticed Eustachio
  5055 | D:5      | Found a runed translucent door.
  5056 | D:5      | Noticed Crazy Yiuf
  5281 | D:5      | Found a staircase to the Ecumenical Temple.
  5290 | Temple   | Entered the Ecumenical Temple
  5477 | Temple   | Became a worshipper of Kikubaaqudgha
  5663 | D:5      | Found a sparkling altar of Nemelex Xobeh.
  5665 | D:5      | Found an iron altar of Okawaru.
  5666 | D:5      | Found a shattered altar of Ashenzari.
  5907 | D:5      | Killed Crazy Yiuf
  5994 | D:4      | Killed Eustachio
  5994 | D:4      | Reached skill level 5 in Conjurations
  5994 | D:4      | Reached XP level 8. HP: 56/56 MP: 5/12
  6038 | D:2      | Killed Natasha
  6040 | D:2      | Noticed Natasha
  6045 | D:2      | Killed Natasha
  6149 | D:2      | Noticed Natasha
  6153 | D:2      | Killed Natasha
  6248 | D:3      | Killed Grinder
  6633 | D:6      | Reached skill level 5 in Fire Magic
  6758 | D:6      | Reached XP level 9. HP: 36/61 MP: 5/13
  6772 | D:6      | Reached * piety under Kikubaaqudgha
  6772 | D:6      | Identified Kikubaaqudgha's Incunabulum of Stolen Souls
                  | (Kikubaaqudgha gifted it to you on level 6 of the Dungeon)
  6772 | D:6      | Received a gift from Kikubaaqudgha
  7027 | D:6      | Reached skill level 4 in Spellcasting
  7076 | D:6      | Noticed Maggie
  7109 | D:6      | Killed Maggie
  7109 | D:6      | Reached skill level 5 in Spellcasting
  7570 | D:6      | Learned a level 2 spell: Sublimation of Blood
  7574 | D:6      | Learned a level 3 spell: Vampiric Draining
  7659 | D:7      | Reached skill level 6 in Spellcasting
  7706 | D:7      | Noticed Joseph
  7712 | D:7      | Killed Joseph
  7712 | D:7      | Reached skill level 7 in Spellcasting
  7839 | D:7      | Reached XP level 10. HP: 69/70 MP: 20/20
  7843 | D:7      | Found a sacrificial altar of Ru.
  7856 | D:7      | Reached ** piety under Kikubaaqudgha
  8226 | D:7      | Found a hazy altar of Hepliaklqana.
  8600 | D:7      | Reached skill level 5 in Fighting
  8600 | D:7      | Reached skill level 5 in Armour
  8885 | D:8      | Noticed Maurice
  8904 | D:8      | Cast into level 1 of the Abyss (Maurice)
  8973 | Abyss:1  | Noticed a tentacled starspawn
  9029 | Abyss:1  | Noticed a wretched star
  9032 | Abyss:1  | Noticed a smoke demon
  9075 | Abyss:1  | Found a corrupted altar of Lugonu.
  9075 | Abyss:1  | Noticed a thrashing horror
  9097 | Abyss:1  | Noticed a large abomination
  9124 | Abyss:1  | Noticed a smoke demon
  9159 | Abyss:1  | Noticed an unseen horror
  9175 | Abyss:1  | Noticed a starcursed mass
  9190 | Abyss:1  | Noticed a tentacled starspawn
  9203 | Abyss:1  | Noticed a lorocyproca
  9204 | Abyss:1  | Demolished by a lorocyproca

Illustrated notes

Levels and vault maps discovered:
D:1:      ldierk_walled_garden, layout_basic
D:2:      layout_rooms, first_ration,
          nicolae_gozag_cash_rules_everything_around_me
D:3:      layout_basic, chequers_ecumenical_altar_simple,
          kennysheep_generic_room_16, uniq_natasha, uniq_grinder
D:4:      layout_layer_cave, enter_ossuary_3, corexii_checkpoint_a
D:5:      layout_loops_ring, minitemple, minmay_temple_entry_poolview,
          minmay_misc_feat_nine_boxes, uniq_crazy_yiuf_cottage, uniq_eustachio
D:6:      layout_layer_cave, uniq_maggie
D:7:      layout_cave_pools, nicolae_overflow_hidden_temple, lemuel_round_altar,
          grunt_livestock, chequers_serial_rivers_marsh, uniq_joseph
D:8:      kennysheep_orc_sif_temple, layout_gridville,
          nicolae_transmutations_shop, uniq_maurice, uniq_pikel
Temple:   eino_temple_rhombus
Abyss:1:  base: D:2, bh_abyss_xom_lugonu_altar, evilmike_abyss_exit_2,
          hangedman_shadowy_showcase, eino_small_chamber_without_monster

Skill      XL: |  1  2  3  4  5  6  7  8  9 10 |
---------------+-------------------------------+-----
Conjurations   | 1 2 3 4 5 6 |  6.0
Armour         | 1 2 3 5 |  5.0
Fighting       | 1 2 3 5 |  5.0
Fire Magic     | 1 3 4 5 |  5.0
Poison Magic   | 3 4 |  4.0
Air Magic      | 1 3 4 |  4.0
Spellcasting   | 7 |  7.0
Dodging        | 2 3 |  3.0
Necromancy     | 3 |  3.7
Stealth        | |  2.4
Summonings     | |  1.0
Translocations | |  0.8

Action                   |  1- 3 |  4- 6 |  7- 9 | 10-12 || total
-------------------------+-------+-------+-------+-------++-------
Melee: Hand axe          |    10 |    76 |   111 |       ||   197
       Unarmed           |     3 |       |       |       ||     3
       Dagger            |       |       |    87 |    77 ||   164
 Fire: Hunting sling     |       |    33 |    62 |    22 ||   117
Throw: Stone             |       |       |     1 |       ||     1
       Dart              |       |       |     1 |       ||     1
 Cast: Magic Dart        |    66 |    60 |    66 |     9 ||   201
       Conjure Flame     |       |    13 |    21 |    20 ||    54
       Mephitic Cloud    |       |     3 |    27 |    14 ||    44
       Vampiric Draining |       |       |       |     1 ||     1
 Abil: Dig               |       |     8 |    20 |    35 ||    63
  Use: Scroll            |       |     2 |     4 |     5 ||    11
       Potion            |       |     1 |       |     4 ||     5
 Stab: Confused          |       |       |     5 |     1 ||     6
  Eat: Chunk             |     1 |     7 |    16 |     5 ||    29
       Ration            |       |     1 |     1 |       ||     2
Armor: Robe              |     9 |    16 |    17 |       ||    42
       Steam dragon scal |       |       |    26 |    49 ||    75
       Ring mail         |       |       |     1 |       ||     1
Dodge: Dodged            |    18 |    44 |    95 |    84 ||   241
